 Dungeon Crawl Stone Soup version 0.28.0 (webtiles) character file.

Game seed: 5825974877506847598

195 zeram the Poker (level 5, -5/36 HPs)
             Began as an Octopode Fighter on Feb 5, 2022.
             Slain by an ogre (22 damage)
             ... on level 4 of the Dungeon.
             The game lasted 00:02:54 (3404 turns).

zeram the Poker (Octopode Fighter)                  Turns: 3404, Time: 00:02:55

Health: -5/36      AC:  1    Str: 16    XL:     5   Next: 74%
Magic:  1/1        EV: 13    Int: 12    God:
Gold:   953        SH:  4    Dex: 11    Spells: 4/4 levels left

rFire   . . .      SeeInvis .   g - +1 spear (antimagic)
rCold   . . .      Faith    .   b - +0 buckler
rNeg    . . .      Spirit   .   (helmet restricted)
rPois   .          Reflect  .   (no amulet)
rElec   .          Harm     .   (no ring)
rCorr   .          Rampage  .   (no ring)
Will    .....                   (no ring)
Stlth   ++........              (no ring)
HPRegen 0.12/turn               (no ring)
MPRegen 0.07/turn               (no ring)
                                (no ring)
                                (no ring)

@: no status effects
A: almost no armour, amphibious, 8 rings, camouflage 1, gelatinous body 1,
(nimble swimmer 1), tentacles
a: no special abilities


You were on level 4 of the Dungeon.
You visited 1 branch of the dungeon, and saw 4 of its levels.

You collected 953 gold pieces.

Inventory:

Hand Weapons
 a - a +0 trident
 g - a +1 antimagic spear (weapon)
Armour
 b - a +0 buckler (worn)
Wands
 j - a wand of polymorph (19)
 k - a wand of acid (8)
Scrolls
 f - 2 scrolls of fog
 i - 2 scrolls of magic mapping
 l - a scroll of holy word {unknown}
Potions
 c - a potion of might
 d - a potion of heal wounds {unknown}
 e - a potion of haste
 h - a potion of invisibility


   Skills:
 - Level 3.0 Fighting
 + Level 4.3 Polearms
 + Level 4.1 Dodging
 + Level 3.8 Shields


You had 4 spell levels left.
You didn't know any spells.
Your spell library was empty.

Dungeon Overview and Level Annotations

Branches:
Dungeon (4/15)
 Temple: D:4-7

Altars:
Ru
Trog
Uskayaw
Zin


Innate Abilities, Weirdness & Mutations

You cannot wear most types of armour.
You are amphibious.
You can wear up to eight rings at the same time.
Your skin changes colour to match your surroundings (Stealth+).
Your rubbery body absorbs attacks. (AC +1, EV +1)
((You are camouflaged when in or above water. (Stealth+)))
You have tentacles for arms and can constrict up to eight enemies at once.


Message History

You constrict the quokka. The quokka closely misses you.
You hit the quokka.
You kill the quokka!
Found 19 stones.
An ogre comes into view. It is wielding a +0 giant club.
An ogre is nearby!
An ogre is nearby!
An ogre is nearby!
An ogre comes into view. It is wielding a +0 giant club.
The ogre shouts!
You hear a shout!
You see here 16 gold pieces.
You reach to attack!
You hit the ogre.
The ogre is lightly wounded.
You hit the ogre. You squeeze the ogre!
The ogre is severely wounded.
The ogre barely misses you.
You hit the ogre. Your squeeze misses the ogre.
The ogre is severely wounded.
The ogre barely misses you.
A hobgoblin comes into view.
You barely miss the ogre.
The ogre is severely wounded.
The ogre closely misses you. You block the ogre's attack.
You barely miss the ogre. Your squeeze misses the ogre.
The ogre is severely wounded.
You hit the ogre.
The ogre is almost dead.
The ogre hits you with a +0 giant club!
Ouch! That really hurt!
The ogre barely misses you.
You hit the ogre.
You kill the ogre!
The ogre completely misses you.
Your Polearms skill increases to level 4!
Your Dodging skill increases to level 4!
You have reached level 5!
You feel stronger.
The ogre hits you with a +0 giant club!!
Ouch! That really hurt!
You die...

................
##)...##......#...
##..#..##..........
#.....# #...(....
###..#### #......#
#....# #...)..#
#######.##.# #..g...#
...........######O.....#
...<............@......#
........#########......#
........# ########
.....>..# ........#
........# #########


You could see an ogre and a hobgoblin.

Vanquished Creatures
  An ogre (D:4)
  Robin (D:3)
  3 adders
  A worm (D:3)
  2 dart slugs
  4 orcs (D:3)
  6 ball pythons
  3 bats
  An endoplasm (D:1)
  2 giant cockroaches
  8 goblins
  7 hobgoblins
  10 jackals
  A quokka (D:4)
  2 kobolds
  3 rats
55 creatures vanquished.

Notes
Turn   | Place    | Note
-------+----------+-------------------------------------------
     0 | D:1      | zeram the Octopode Fighter began the quest for the Orb.
     0 | D:1      | Reached XP level 1. HP: 16/16 MP: 1/1
   248 | D:1      | Reached XP level 2. HP: 8/21 MP: 2/2
   913 | D:1      | Identified a scroll of acquirement
   913 | D:1      | Acquired 810 gold pieces
   947 | D:2      | Reached XP level 3. HP: 23/26 MP: 3/3
  1972 | D:3      | Found a bloodstained altar of Trog.
  2150 | D:3      | Found a sacrificial altar of Ru.
  2154 | D:3      | Reached XP level 4. HP: 31/31 MP: 4/4
  2993 | D:3      | Identified the +2 helmet "Wunuuhoo" {rCorr Dex+5}
  2993 | D:3      | Noticed Robin
  3000 | D:3      | Killed Robin
  3335 | D:3      | Found a hide-covered altar of Uskayaw.
  3335 | D:3      | Found a glowing silver altar of Zin.
  3392 | D:4      | Noticed an ogre
  3393 | D:4      | Noticed an ogre
  3401 | D:4      | Killed an ogre
  3402 | D:4      | Reached XP level 5. HP: 17/36 MP: 1/5
  3404 | D:4      | Slain by an ogre

Illustrated notes

Levels and vault maps discovered:
D:1:      ncdulo_watergridlock, layout_loops_ring, st_stairs_1
D:2:      layout_basic, chequers_ecumenical_altar_simple, chequers_avenue
D:3:      layout_loops_corners, mainiacjoe_overflow_paths,
          mainiacjoe_overflow_tiny_flanked, gammafunk_temple_overflow_statue,
          uniq_robin
D:4:      layout_rooms, regret_index_temple_of_mockery, kennysheep_mini_moat

Skill      XL: |  1  2  3  4 |
---------------+-------------+-----
Polearms       | 4 |  4.3
Dodging        | 4 |  4.1
Fighting       | |  3.0
Shields        | |  3.8

Action                   |  1- 3 |  4- 6 || total
-------------------------+-------+-------++-------
Melee: Trident           |    65 |    42 ||   107
       Tentacles         |     8 |    10 ||    18
       Constrict         |    16 |     9 ||    25
       Punch             |     2 |     1 ||     3
       Spear             |       |    16 ||    16
  Use: Scroll            |     8 |       ||     8
 Stab: Sleeping          |     1 |     1 ||     2
Armor: Skin              |     1 |       ||     1
Dodge: Dodged            |    44 |    21 ||    65
Block: Buckler           |     8 |     6 ||    14
